 Dungeon Crawl Stone Soup version 0.29-a0-338-g1ff7896281 (webtiles) character file.

Game seed: 738083242872218676

29 klau3 the Ducker (level 3, 0/27 HPs)
             Began as a Vampire Gladiator on Apr 18, 2022.
             Slain by a rat (1 damage)
             ... on level 3 of the Dungeon.
             The game lasted 00:07:29 (914 turns).

klau3 the Ducker (Vampire Gladiator)                 Turns: 914, Time: 00:07:30

Health: 0/27       AC:  4    Str: 15    XL:     3   Next: 1%
Magic:  3/3        EV: 13    Int: 10    God:
Gold:   116        SH:  0    Dex: 15    Spells: 2/2 levels left

rFire   . . .      SeeInvis +   a - +0 rapier
rCold   . . .      Faith    .   (no shield)
rNeg    . . .      Spirit   .   b - +0 leather armour
rPois   .          Reflect  .   c - +0 helmet
rElec   .          Harm     .   (no cloak)
rCorr   .          Rampage  .   (no gloves)
Will    .....                   (no boots)
Stlth   +.........              (no amulet)
HPRegen 0.29/turn               (no ring)
MPRegen 0.08/turn               (no ring)

@: healing quickly
A: alive, fangs 3, see invisible, vampiric 2
a: Exsanguinate


You were on level 3 of the Dungeon.
You visited 1 branch of the dungeon, and saw 3 of its levels.

You collected 116 gold pieces.

Inventory:

Hand Weapons
 a - a +0 rapier (weapon)
 h - a +0 mace
 j - a +0 hand axe
Missiles
 d - 3 throwing nets (quivered)
 e - a javelin
 o - 4 poisoned darts
Armour
 b - a +0 leather armour (worn)
 c - a +0 helmet (worn)
 l - a +0 scale mail
 m - a +0 ring mail
 r - a +0 cloak
Jewellery
 s - a ring of wizardry
 v - a +6 ring of strength
Wands
 q - a wand of iceblast (8)
Scrolls
 g - a scroll of amnesia {unknown}
 k - a scroll of immolation {unknown}
 n - 3 scrolls of teleportation {unknown}
 u - 3 scrolls of identify {unknown}
Potions
 f - a potion of resistance {unknown}
 i - a potion of flight {unknown}
 p - a potion of degeneration {unknown}
 t - a potion of might {unknown}


   Skills:
 + Level 2.0 Fighting
 + Level 3.7 Short Blades
 + Level 1.5 Throwing
 + Level 0.3 Armour
 + Level 4.0 Dodging


You had 2 spell levels left.
You didn't know any spells.
Your spell library was empty.

Dungeon Overview and Level Annotations

Branches:
Dungeon (3/15)

Altars:


Innate Abilities, Weirdness & Mutations

Your natural rate of healing is accelerated.
You have razor-sharp teeth.
You have supernaturally acute eyesight. (SInv)
You are afflicted with vampirism and can become a bat while bloodless.


Message History

The orc is almost dead.
The orc hits you with a +0 mace. The rat misses you. The orc barely misses you.
The rat attacks as you move away! The rat bites you.
The orc closely misses you.
You hit the orc.
The orc is severely wounded.
The orc misses you. The orc hits you with a +0 mace.
You hit the orc.
You kill the orc!
The orc hits you with a +0 whip. The orc hits you but does no damage.
You have reached level 3!
Your experience leads to an increase in your attributes!
Increase (S)trength, (I)ntelligence, or (D)exterity?
Uppercase letters only, please.
You feel stronger. x2
You can now turn into a vampire bat when bloodless.
You closely miss the orc.
The orc is almost dead.
The orc hits you with a +0 whip. The rat bites you.
* * * LOW HITPOINT WARNING * * *
The orc completely misses you. The orc attacks as you move away!
The orc hits you with a +0 mace.
* * * LOW HITPOINT WARNING * * *
The rat attacks as you move away! The rat completely misses you.
The rat attacks as you move away! The rat misses you.
You barely miss the orc. The orc hits you with a +0 whip.
* * * LOW HITPOINT WARNING * * *
The rat closely misses you. The orc closely misses you.
You hit the orc.
The orc is lightly wounded.
The orc closely misses you. The rat bites you but does no damage.
The orc misses you.
You closely miss the orc. You bite the orc.
The orc is severely wounded.
The orc hits you with a +0 whip.
* * * LOW HITPOINT WARNING * * *
The rat misses you. The orc barely misses you.
The orc attacks as you move away! The orc completely misses you.
The rat attacks as you move away! The rat bites you.
You die...

............. .......
#.###...##.... ....... #.#
##..##.... .......
###.###......... .......
........###.#### $..?...
......## #.###.
[......####......# #.#...
.........o.......# #.#.##
.......).o@....... #...##
#######..r#......#.####....
##..########.........
#..### ####..#.## ##...#
#...#.#. ###.# ####.#.###.
#.# ##....#..[..
#.####.......###.
#......####..#...


You could see 2 orcs and a rat.

Vanquished Creatures
  A worm (D:3)
  A dart slug (D:1)
  An orc (D:3)
  4 endoplasms
  2 giant cockroaches
  2 goblins
  2 hobgoblins
  A quokka (D:1)
  3 ball pythons
  A bat (D:2)
  2 kobolds (D:3)
  A rat (D:1)
21 creatures vanquished.

Notes
Turn   | Place    | Note
-------+----------+-------------------------------------------
     0 | D:1      | klau3 the Vampire Gladiator began the quest for the Orb.
     0 | D:1      | Reached XP level 1. HP: 16/16 MP: 1/1
   183 | D:1      | Reached XP level 2. HP: 10/22 MP: 2/2
   792 | D:3      | Reached skill level 4 in Dodging
   908 | D:3      | Gained mutation: You are afflicted with vampirism and can
                  | become a bat while bloodless. [Vampire growth]
   908 | D:3      | Reached XP level 3. HP: 11/27 MP: 3/3
   913 | D:3      | HP: 1/27 [orc/+0 whip (3)]
   914 | D:3      | Slain by a rat

Illustrated notes

Levels and vault maps discovered:
D:1:      lightli_arrival_windingriver, layout_rooms, basic_ecumenical_altar
D:2:      layout_loops_corners, grunt_ministairs_8, chequers_arboretum,
          st_stairs_9
D:3:      layout_rooms, minmay_misc_feat_roman

Skill      XL: |  1  2 |
---------------+-------+-----
Dodging        | 4 |  4.0
Fighting       | 2 |  2.0
Short Blades   | |  3.7
Throwing       | |  1.5
Armour         | |  0.3

Action                   || total
-------------------------++-------
Melee: Rapier            ||    58
       Bite              ||     6
Throw: Throwing net      ||     2
Armor: Leather armour    ||    15
Dodge: Dodged            ||    54

Table legend: (Time is in decaauts)
 A = Elapsed time spent in this place.
 B = Non-inter-level travel time spent in this place.
 C = Inter-level travel time spent in this place.
 D = Time resting spent in this place.
 E = Time spent auto-exploring this place.
 F = Levels seen in this place.
 G = Mean time per level.
                   A        B        C        D        E       F      G
               +--------+--------+--------+--------+--------+-----+--------+
         Total |    918 |    188 |    730 |      0 |      0 |   3 |  306.0 |
       Dungeon |    918 |    188 |    730 |      0 |      0 |   3 |  306.0 |
               +--------+--------+--------+--------+--------+-----+--------+

Top non-repeatable levels by time:
     D:2: 459 daAuts
     D:1: 319 daAuts
     D:3: 139 daAuts
